 Dungeon Crawl Stone Soup version 0.25-a0-843-g6944ee3 (webtiles) character file.

Game seed: 13439652054168671821, levelgen mode: deterministic

2152 Atlas the Blocker (level 9, 0/68 HPs)
             Began as a Formicid Fighter on Apr 25, 2020.
             Was a Priest of Okawaru.
             Slain by Menkaure (12 damage)
             ... on level 6 of the Dungeon.
             The game lasted 00:07:37 (6185 turns).

Atlas the Blocker (Formicid Fighter)                Turns: 6185, Time: 00:07:37

Health: 0/68       AC: 11    Str: 23    XL:     9   Next: 56%
Magic:  0/9        EV: 11    Int:  9    God:    Okawaru [***...]
Gold:   317        SH: 11    Dex: 10    Spells: 8/8 levels left

rFire    . . .     SeeInvis +   a - +0 long sword
rCold    . . .     Gourm    .   c - +0 kite shield
rNeg     . . .     Faith    .   n - +2 scale mail {MR+}
rPois    .         Spirit   +   (helmet unavailable)
rElec    .         Reflect  .   d - +0 cloak
rCorr    .         Harm     .   (no gloves)
MR       +....                  (no boots)
Stlth    ..........             s - amulet of guardian spirit
HPRegen  0.21/turn              (no ring)
MPRegen  0.11/turn              (no ring)

@: no status effects
A: permanent stasis, dig shafts and tunnels, four strong arms, antennae 3
a: Dig, Shaft Self, Heroism, Renounce Religion


You were on level 6 of the Dungeon.
You worshipped Okawaru.
Okawaru was most pleased with you.
You were not hungry.

You visited 1 branch of the dungeon, and saw 6 of its levels.

You collected 317 gold pieces.

Inventory:

Hand Weapons
 a - a +0 long sword (weapon)
Armour
 c - a +0 kite shield (worn)
 d - a +0 cloak (worn)
 n - a +2 scale mail of magic resistance (worn)
Jewellery
 s - an amulet of guardian spirit (around neck)
Wands
 r - a wand of iceblast (9)
Scrolls
 e - a scroll of fear {unknown}
 i - 4 scrolls of identify {unknown}
 j - 5 scrolls of remove curse {unknown}
 k - a scroll of fog {unknown}
 m - 2 scrolls of enchant weapon {unknown}
 p - 2 scrolls of teleportation {unknown}
Potions
 b - a potion of ambrosia {unknown}
 g - a potion of degeneration {unknown}
 h - 2 potions of stabbing
 l - 2 potions of curing
 o - a potion of invisibility {unknown}
Comestibles
 f - 17 rations
 q - 8 chunks of flesh


   Skills:
 + Level 5.6 Fighting
 + Level 7.1 Long Blades
 + Level 6.7 Armour
 + Level 2.8 Dodging
 + Level 1.6 Stealth
 + Level 8.2 Shields


You had 8 spell levels left.
You didn't know any spells.
Your spell library contained the following spells:

 Spells                   Type           Power        Failure   Level  Hunger
 Animate Skeleton         Necr           N/A          73%         1    ##.....
 Apportation              Tloc           #.....       73%         1    ##.....
 Corona                   Hex            #......      73%         1    ##.....
 Sandblast                Erth           #.....       73%         1    ##.....
 Summon Small Mammal      Summ           #...         73%         1    ##.....
 Passwall                 Tmut/Erth      #.......     86%         2    ###....
 Stone Arrow              Conj/Erth      #.....       97%         3    ####...
 Petrify                  Tmut/Erth      #.......     100%        4    #####..
 Lee's Rapid Deconstruct  Erth           #.........   100%        5    ######.


Dungeon Overview and Level Annotations

Branches:
Dungeon (6/15)             Temple (0/1) D:6

Altars:
Ashenzari
Cheibriados
Gozag
Hepliaklqana
Makhleb
Nemelex Xobeh
Okawaru
Ru

Annotations:
D:6 Menkaure


Innate Abilities, Weirdness & Mutations

You cannot be hasted, slowed, berserked, paralysed or teleported.
You can dig through walls and to a lower floor.
Your four strong arms can wield two-handed weapons with a shield.
You have a pair of large antennae on your head. (SInv)


Message History

The throwing net barely misses Menkaure.
Menkaure barely misses you.
You hit Menkaure.
Menkaure is lightly damaged.
Menkaure hits you! Menkaure closely misses you.
You hit Menkaure but do no damage.
Menkaure is lightly damaged.
Menkaure mumbles in an indecipherable tongue.
You block Menkaure's attack.
You closely miss Menkaure.
Menkaure is lightly damaged.
Menkaure blazes with dark energy!
Menkaure hits you!
* * * LOW HITPOINT WARNING * * *
You hit Menkaure.
Menkaure is heavily damaged.
Menkaure hits you.
* * * LOW HITPOINT WARNING * * *
Menkaure hits you!
You die...

## ####### #.
#.....# #. ###.⌠.⌠.#
#. #.'@M_.(########
#. #.#.⌠.⌠.#......#
#. #.#.....######.#
#. #.####### #.####.
#.####.# ###......
#......#####........
######.##...........
#.##.##.######.
#.##>##........


You could see Menkaure.

Vanquished Creatures
  Pikel (D:6)
  Eustachio (D:4)
  A black bear (D:6)
  An ice beast (D:5)
  A sky beast (D:6)
  An ogre (D:5)
  Blork the orc (D:6)
  A gnoll sergeant (D:6)
  3 scorpions
  A howler monkey (D:6)
  3 wights
  A crimson imp (D:6)
  A bullfrog zombie (D:6)
  3 hounds
  A bullfrog skeleton (D:5)
  3 orc priests
  5 orc wizards
  Natasha (thrice) (D:4)
  An iguana (D:4)
  5 worker ants
  A hound skeleton (D:4)
  4 gnolls (D:6)
  3 adders
  An ooze (D:1)
  An adder skeleton (D:5)
  A worm (D:2)
  A dart slug (D:1)
  5 leopard geckos
  20 orcs
  7 bats
  A giant cockroach (D:4)
  8 goblins
  A hobgoblin (D:1)
  6 jackals
  2 quokkas (D:2)
  3 frilled lizards
  10 kobolds
  A quokka skeleton (D:4)
  3 rats
117 creatures vanquished.

Vanquished Creatures (others)
  A black bear (D:6)
  A slave (D:6)
  A bullfrog (D:6)
  2 orc wizards (D:6)
  An orc (D:6)
6 creatures vanquished.

Grand Total: 123 creatures vanquished

Notes
Turn   | Place    | Note
-------+----------+-------------------------------------------
     0 | D:1      | Atlas the Formicid Fighter began the quest for the Orb.
     0 | D:1      | Reached XP level 1. HP: 18/18 MP: 1/1
   436 | D:1      | Reached XP level 2. HP: 24/24 MP: 2/2
   617 | D:1      | Reached skill level 4 in Shields
   713 | D:1      | Reached XP level 3. HP: 22/29 MP: 3/3
  1239 | D:2      | Found a faded altar of an unknown god.
  1430 | D:2      | Found an iron altar of Okawaru.
  1446 | D:2      | Became a worshipper of Warmaster Okawaru
  1448 | D:2      | Reached XP level 4. HP: 36/36 MP: 4/4
  1915 | D:3      | Found a burning altar of Makhleb.
  1930 | D:3      | Reached XP level 5. HP: 32/42 MP: 5/5
  2830 | D:4      | Noticed Natasha
  2846 | D:4      | Killed Natasha
  2846 | D:4      | Reached XP level 6. HP: 29/48 MP: 6/6
  2862 | D:4      | Noticed Natasha
  2868 | D:4      | Killed Natasha
  2987 | D:4      | Reached skill level 5 in Shields
  3022 | D:4      | Noticed Natasha
  3033 | D:4      | Killed Natasha
  3033 | D:4      | Reached skill level 1 in Dodging
  3558 | D:3      | Reached XP level 7. HP: 40/54 MP: 7/7
  3852 | D:4      | Found a sacrificial altar of Ru.
  3853 | D:4      | Noticed Eustachio
  3888 | D:4      | Killed Eustachio
  3888 | D:4      | Reached * piety under Okawaru
  3888 | D:4      | Reached skill level 5 in Armour
  3888 | D:4      | Reached skill level 6 in Shields
  3941 | D:4      | Found a hazy altar of Hepliaklqana.
  4296 | D:5      | Entered Level 5 of the Dungeon
  4382 | D:5      | Reached XP level 8. HP: 44/61 MP: 8/8
  4477 | D:5      | Reached skill level 5 in Long Blades
  4477 | D:5      | Reached skill level 1 in Stealth
  4920 | D:5      | Found a sparkling altar of Nemelex Xobeh.
  4921 | D:5      | Found an opulent altar of Gozag.
  4940 | D:5      | Reached skill level 7 in Shields
  5156 | D:5      | Reached ** piety under Okawaru
  5302 | D:6      | Found a staircase to the Ecumenical Temple.
  5422 | D:6      | Noticed Pikel
  5460 | D:6      | Killed Pikel
  5460 | D:6      | Reached skill level 5 in Fighting
  5460 | D:6      | Reached XP level 9. HP: 22/68 MP: 3/9
  5469 | D:6      | Noticed Blork the orc
  5482 | D:6      | Killed Blork the orc
  5566 | D:6      | Reached *** piety under Okawaru
  5589 | D:6      | Found a snail-covered altar of Cheibriados.
  5950 | D:6      | Reached skill level 8 in Shields
  5997 | D:6      | Found a shattered altar of Ashenzari.
  6177 | D:6      | Found a burning altar of Makhleb.
  6177 | D:6      | Noticed Menkaure
  6185 | D:6      | Slain by Menkaure

Levels and vault maps discovered:
D:1:      dpeg_arrival_water_fire, layout_basic
D:2:      layout_loops_ring, lemuel_doored_altar,
          chequers_ecumenical_altar_island
D:3:      layout_loops_ring, first_ration, makhleb_heckhound_becter
D:4:      layout_cave_pools, grunt_temple_overflow_open, uniq_natasha,
          uniq_eustachio
D:5:      layout_rooms, grunt_temple_overflow_opulence, serial_bayou_pond_d
D:6:      black_bear_nest_2, layout_loops_ring, kennysheep_mini_moat,
          kennysheep_little_box, minmay_temple_entry_offerings,
          chequers_serial_rivers_micro_d, nicolae_ashenzari_panopticon,
          uniq_pikel, uniq_menkaure, uniq_blork_the_orc

Skill      XL: |  1  2  3  4  5  6  7  8  9 |
---------------+----------------------------+-----
Shields        | 4 5 6 7 8 |  8.2
Armour         | 4 5 6 |  6.7
Long Blades    | 3 4 6 7 |  7.1
Fighting       | 4 5 |  5.6
Dodging        | 1 2 |  2.8
Stealth        | 1 |  1.6

Action                   |  1- 3 |  4- 6 |  7- 9 || total
-------------------------+-------+-------+-------++-------
Melee: Long sword        |   131 |   183 |   371 ||   685
Throw: Throwing net      |       |       |     2 ||     2
  Use: Potion            |       |       |     5 ||     5
  Eat: Chunk             |     2 |     6 |     7 ||    15
       Ration            |       |     1 |       ||     1
Armor: Scale mail        |    36 |    38 |   176 ||   250
       Chain mail        |    43 |    12 |       ||    55
Dodge: Dodged            |    54 |    60 |   141 ||   255
Block: Kite shield       |    92 |    80 |   214 ||   386
       Rpst.: Long sword |    22 |    13 |    35 ||    70

Table legend:
 A = Non-vault XP
 B = Vault XP
 C = Vault XP percentage of total XP
 D = Non-vault monster count
 E = Vault monster count
 F = Vault count percentage of total count
                 A         B        C        D         E       F
            +---------+---------+-------+---------+---------+-------
      Total |    1992 |    1083 |  35.2 |     111 |       6 |   5.1
            +---------+---------+-------+---------+---------+-------
        D:1 |      36 |       0 |   0.0 |      18 |       0 |   0.0
        D:2 |      38 |       0 |   0.0 |      20 |       0 |   0.0
        D:3 |     218 |      45 |  17.1 |      19 |       1 |   5.0
        D:4 |     318 |     244 |  43.4 |      11 |       2 |  15.4
        D:5 |     689 |       0 |   0.0 |      22 |       0 |   0.0
        D:6 |     693 |     794 |  53.4 |      21 |       3 |  12.5
            +---------+---------+-------+---------+---------+-------
